 Dungeon Crawl Stone Soup version 0.25.0 (webtiles) character file.

Game seed: 9117257089601700267

14959 Granthy the Severer (level 11, -8/88 HPs)
             Began as a Deep Dwarf Fighter on June 12, 2020.
             Was the Champion of Okawaru.
             Mangled by a large abomination (27 damage)
             ... on level 11 of the Dungeon.
             The game lasted 00:29:47 (16430 turns).

Granthy the Severer (Deep Dwarf Fighter)           Turns: 16430, Time: 00:29:47

Health: -8/88      AC: 12    Str: 27    XL:     11   Next: 95%
Magic:  3/3        EV: 14    Int:  9    God:    Okawaru [******]
Gold:   564        SH:  0    Dex: 12    Spells: 10/10 levels left

rFire    . . .     SeeInvis .   O - +11 executioner's axe "Ipoteycs" {freeze, rC+ Str+4}
rCold    + + .     Gourm    .   (shield currently unavailable)
rNeg     . . .     Faith    .   I - +2 scale mail {rF+}
rPois    .         Spirit   .   (no helmet)
rElec    .         Reflect  .   M - scarf {+Inv}
rCorr    .         Harm     .   y - +0 pair of gloves
MR       +....                  (no boots)
Stlth    ..........             (no amulet)
HPRegen  0.00/turn              t - ring of ice
MPRegen  0.08/turn              l - +4 ring of evasion

@: non-regenerating
A: damage resistance, heal wounds, sense surroundings 2, no regeneration
a: Heal Wounds, Heroism, Finesse, Renounce Religion, Evoke Invisibility


You were on level 11 of the Dungeon.
You worshipped Okawaru.
Okawaru was exalted by your worship.
You were not hungry.

You visited 2 branches of the dungeon, and saw 13 of its levels.

You collected 564 gold pieces.

Inventory:

Hand Weapons
 a - a +3 war axe
 x - a +4 hunting sling
 J - a +0 broad axe
 O - the +11 executioner's axe "Ipoteycs" (weapon) {freeze, rC+ Str+4}
   (Okawaru gifted it to you on level 11 of the Dungeon)

   It has been specially enchanted to freeze those struck by it, causing extra
   injury to most foes and up to half again as much damage against particularly
   susceptible opponents.
   It can also slow down cold-blooded creatures.
   It affects your strength (+4).
   It protects you from cold.
Armour
 b - a +1 scale mail
 c - a +0 kite shield
 y - a +0 pair of gloves (worn)
 A - a +0 cloak
 I - a +2 scale mail of fire resistance (worn)
 M - a scarf of invisibility (worn)
Jewellery
 l - a +4 ring of evasion (right hand)
 t - a ring of ice (left hand)
 K - an uncursed ring of ice
Wands
 j - a wand of digging (8)
 C - a wand of paralysis (4)
 E - a wand of clouds (6)
 L - a wand of disintegration (11)
Scrolls
 g - 3 scrolls of fear
 h - 3 scrolls of magic mapping
 k - a scroll of noise
 r - 5 scrolls of teleportation
 s - 2 scrolls of amnesia
 v - 7 scrolls of remove curse
 w - 3 scrolls of enchant armour
 z - a scroll of fog
 D - 4 scrolls of identify
 N - a scroll of immolation
Potions
 d - a potion of might
 e - 2 potions of mutation {unknown}
 i - 2 potions of heal wounds {unknown}
 m - 6 potions of curing
 n - 2 potions of flight {unknown}
 o - 5 potions of brilliance
 p - 3 potions of stabbing {unknown}
 q - 2 potions of degeneration
 u - a potion of resistance {unknown}
 B - a potion of magic {unknown}
 F - a potion of berserk rage {unknown}
 G - a potion of invisibility {unknown}
Comestibles
 f - 13 rations
 H - 2 chunks of flesh


   Skills:
 - Level 2.6 Fighting
 + Level 16.7 Axes
 + Level 12.0 Armour
 - Level 0.1 Stealth
 - Level 3.2 Shields
 + Level 0.1 Invocations


You had 10 spell levels left.
You didn't know any spells.
Your spell library contained the following spells:

 Spells                   Type           Power        Failure   Level  Hunger
 Infusion                 Chrm           #...         58%         1    ##.....
 Shroud of Golubria       Chrm/Tloc      #.....       75%         2    ###....
 Song of Slaying          Chrm           #.......     75%         2    ###....
 Ozocubu's Armour         Chrm/Ice       #.......     92%         3    ####...
 Spectral Weapon          Hex/Chrm       #.......     92%         3    ####...
 Irradiate                Conj/Tmut      #.........   100%        5    ######.
 Hydra Form               Tmut           #.........   100%        6    #######
 Statue Form              Tmut/Erth      #........    100%        6    #######
 Dragon Form              Tmut           #.........   100%        7    #######


Dungeon Overview and Level Annotations

Branches:
Dungeon (12/15)            Temple (1/1) D:5            Lair (0/6) D:10
    Orc (0/2) D:9

Altars:
Cheibriados
Dithmenos
Fedhas
Hepliaklqana
Kikubaaqudgha
Makhleb
Nemelex Xobeh
Okawaru
Qazlal
Uskayaw
Vehumet
Wu Jian
Xom
Zin

Shops:
D:4 (   D:7 [   D:10 }

Annotations:
D:6 2 transporters


Innate Abilities, Weirdness & Mutations

You are resistant to damage.
You can heal yourself by infusing magical energy.
You passively map the area around you.
You do not regenerate.


Message History

You slash the large abomination! You freeze the large abomination.
You destroy the large abomination!
Okawaru is honoured by your kill.
You slice the large abomination!! You freeze the large abomination!
The large abomination is severely damaged.
The large abomination misses you.
You slice the large abomination!! You freeze the large abomination.
You destroy the large abomination!
Okawaru accepts your kill.
The large abomination closely misses you.
You hit the large abomination but do no damage.
The large abomination hits you!!
* * * LOW HITPOINT WARNING * * *
You slice the large abomination!! You freeze the large abomination!
The large abomination is heavily damaged.
The large abomination closely misses you.
You barely miss the large abomination.
The large abomination is heavily damaged.
The large abomination hits you!!
You die...

, , ....................# #
* * ####################.# #
#.# # #.# # #.# # #.#
############ ######.#
...........#* ######<.....#
...........# #@...#......#
...........#..xX....#......#
#######..###...#...)#####..#
#..# #...#....# #..# #..#
##+*#....### #..# #..#
#....'.# #..# #..# #....#.#
#..# #######..###
#....#.###..#
...........##########......#


You could see a large abomination and a small abomination.

Vanquished Creatures
  Fannar (D:11)
  Nergalle (D:10)
  An unseen horror (D:10)
  A wizard (D:11)
  An ugly thing (D:11)
  A troll (D:11)
  3 large abominations (D:11)
  A hornet (D:11)
  4 hippogriffs
  Sigmund (D:6)
  9 yaks
  A shadow (D:10)
  3 hogs (D:7)
  3 wyverns
  A human (D:7)
  2 hungry ghosts
  A basilisk (D:10)
  Menkaure (D:7)
  A warg (D:8)
  An acid dragon (D:11)
  2 water moccasins (D:11)
  7 porcupines
  An ice beast (D:7)
  7 orc warriors
  2 black bears
  3 sky beasts
  A necrophage (D:7)
  6 small abominations (D:11)
  4 centaurs
  A phantom (D:6)
  6 ogres
  3 crocodiles (D:10)
  2 big kobolds
  11 bullfrogs
  A gnoll sergeant (D:8)
  4 scorpions
  6 killer bees
  5 wights (D:8)
  2 electric eels (D:10)
  3 crimson imps
  7 jellies
  A quasit (D:5)
  4 hounds
  7 orc priests
  9 orc wizards
  A bullfrog skeleton (D:8)
  An iguana (D:7)
  5 worker ants
  2 hound skeletons
  A hound zombie (D:8)
  2 howler monkey zombies (D:7)
  A worker ant zombie (D:8)
  8 gnolls
  15 adders
  A shadow imp (D:10)
  2 oozes (D:4)
  3 worms
  2 dart slugs
  5 leopard geckos
  41 orcs
  4 ball pythons (D:3)
  7 bats
  3 giant cockroaches
  6 hobgoblins
  15 jackals
  3 quokkas
  5 frilled lizards
  2 goblins
  2 jackal skeletons
  15 kobolds
  A leopard gecko zombie (D:3)
  2 quokka zombies
  7 rats
  A plant (D:11)
306 creatures vanquished.

Vanquished Creatures (others)
  5 bushes (D:10)
  2 fungi (D:10)
  27 plants
34 creatures vanquished.

Grand Total: 340 creatures vanquished

Notes
Turn   | Place    | Note
-------+----------+-------------------------------------------
     0 | D:1      | Granthy the Deep Dwarf Fighter began the quest for the Orb.
     0 | D:1      | Reached XP level 1. HP: 20/20 MP: 1/1
   105 | D:1      | Reached XP level 2. HP: 27/27 MP: 2/2
   220 | D:1      | Found a shimmering altar of Xom.
   869 | D:2      | Reached XP level 3. HP: 25/33 MP: 3/3
   877 | D:2      | Reached skill level 3 in Axes
  1039 | D:2      | Reached XP level 4. HP: 27/40 MP: 4/4
  1684 | D:2      | Reached skill level 4 in Axes
  1836 | D:3      | Reached XP level 5. HP: 36/46 MP: 5/5
  1931 | D:3      | Reached skill level 5 in Axes
  1931 | D:3      | Reached skill level 5 in Armour
  2642 | D:3      | Reached XP level 6. HP: 49/55 MP: 6/6
  2778 | D:3      | Found an ancient bone altar of Kikubaaqudgha.
  3042 | D:4      | Found Reifiex's Weapon Boutique.
  3387 | D:4      | Reached skill level 6 in Axes
  4047 | D:5      | Entered Level 5 of the Dungeon
  4078 | D:5      | Reached XP level 7. HP: 43/61 MP: 5/5
  4086 | D:5      | Found a hazy altar of Hepliaklqana.
  4239 | D:5      | Reached skill level 7 in Axes
  4425 | D:5      | Found a staircase to the Ecumenical Temple.
  4440 | Temple   | Entered the Ecumenical Temple
  4447 | Temple   | Became a worshipper of Warmaster Okawaru
  4697 | D:6      | Found a burning altar of Makhleb.
  4697 | D:6      | Noticed Sigmund
  4723 | D:6      | Killed Sigmund
  4723 | D:6      | Reached skill level 8 in Axes
  4727 | D:6      | Found a transporter.
  4778 | D:6      | Reached XP level 8. HP: 49/68 MP: 6/6
  4889 | D:6      | Reached skill level 9 in Axes
  4943 | D:6      | Reached * piety under Okawaru
  5047 | D:6      | Found a transporter.
  5051 | D:6      | Noticed a centaur warrior
  5062 | D:6      | Found a radiant altar of Vehumet.
  5409 | D:7      | Reached skill level 10 in Axes
  5419 | D:7      | Noticed a hippogriff
  5432 | D:7      | Killed a hippogriff
  5486 | D:7      | Gained mutation: You passively map the area around you.
                  | [Deep Dwarf growth]
  5486 | D:7      | Reached XP level 9. HP: 38/74 MP: 7/7
  5514 | D:7      | Noticed Menkaure
  5520 | D:7      | Killed Menkaure
  5521 | D:7      | Reached ** piety under Okawaru
  5694 | D:7      | Reached skill level 11 in Axes
  5862 | D:7      | Found Qamiak's Armour Shop.
  6291 | D:7      | Reached skill level 12 in Axes
  6557 | D:8      | Reached *** piety under Okawaru
  6699 | D:8      | Found a blossoming altar of Fedhas.
  7049 | D:9      | Reached XP level 10. HP: 59/81 MP: 8/8
  7091 | D:9      | Found a staircase to the Orcish Mines.
  7159 | D:9      | Reached skill level 13 in Axes
  7483 | D:9      | Reached **** piety under Okawaru
  7533 | D:9      | Found a sparkling altar of Nemelex Xobeh.
  7930 | D:10     | Entered Level 10 of the Dungeon
  7996 | D:10     | Noticed Nergalle
  8049 | D:10     | Killed Nergalle
  8049 | D:10     | Reached skill level 10 in Armour
  8798 | D:10     | Reached skill level 14 in Axes
 14654 | D:10     | Found a blossoming altar of Fedhas.
 14780 | D:10     | Found a staircase to the Lair.
 14826 | D:10     | HP: 1/81 [something (5)]
 14839 | D:10     | Killed an unseen horror
 14839 | D:10     | Reached XP level 11. HP: 72/88 MP: 5/5
 15204 | D:10     | Found Hyiqivua's Gadget Emporium.
 15553 | D:10     | Reached skill level 15 in Axes
 15608 | D:11     | Reached ***** piety under Okawaru
 15674 | D:11     | Noticed a green ugly thing
 15685 | D:11     | Killed a green ugly thing
 15720 | D:11     | Found a glowing silver altar of Zin.
 15720 | D:11     | Noticed Fannar
 15781 | D:11     | Killed Fannar
 15793 | D:11     | You fall into a shaft and drop 1 floor!
 16058 | D:11     | Received a gift from Okawaru
 16058 | D:11     | Reached skill level 16 in Axes
 16061 | D:11     | Got a jewelled executioner's axe {god gift}
 16077 | D:11     | Identified the +11 executioner's axe "Ipoteycs" {freeze,
                  | rC+ Str+4} (Okawaru gifted it to you on level 11 of the
                  | Dungeon)
 16367 | D:11     | Noticed a wizard
 16387 | D:11     | Killed a wizard
 16395 | D:11     | Noticed a large abomination
 16425 | D:11     | Killed a large abomination
 16425 | D:11     | Reached ****** piety under Okawaru
 16430 | D:11     | Mangled by a large abomination

Illustrated notes

Levels and vault maps discovered:
D:1:      dpeg_arrival_rhombus, layout_loops_corners, serial_park_tiny_1,
          xom_teletrap_fun
D:2:      layout_basic, minmay_circled_x
D:3:      layout_loops_corners, kiku_gazebo_pond_becter, serial_undead,
          serial_undead_b, serial_undead_b, serial_undead_d, serial_undead_f,
          first_ration, minmay_shallow_snake_nest
D:4:      layout_basic, serial_shops, shop
D:5:      layout_rooms, lemuel_doored_altar, minmay_temple_entry_waves
D:6:      layout_rooms, gammafunk_temple_overflow_arena, serial_corexii_hall,
          corexii_hall_statues_l, chequers_hall_statues_corner_a,
          minmay_misc_feat_pillars, bloody_makhleb, uniq_sigmund
D:7:      minmay_s_stair_smasher, layout_loops_ring, serial_shops, shop,
          grunt_livestock, uniq_menkaure
D:8:      layout_loops_cross, fedhas_altar_3
D:9:      layout_small_grid, nemelex_xobeh_ov_fountains_minmay, david_orc_3,
          minivault_24, st_stairs_1, serial_bayou_pond_b
D:10:     layout_roguey, minmay_lair_entry_grove, basic_altar, serial_shops,
          kennysheep_mini_moat, dk_noncrumbling_4, kennysheep_cluttered_room,
          chequers_serial_rivers_micro_b, uniq_nergalle
D:11:     wad_woods_stonehenge, layout_long_grid, laboratory, uniq_fannar
D:12:     layout_loops_cross, nicolae_qazlal_eye_of_the_storm
Temple:   eino_temple_rhombus

Skill      XL: |  1  2  3  4  5  6  7  8  9 10 11 |
---------------+----------------------------------+-----
Armour         | 4 5 6 8 9 11 12 | 12.0
Axes           | 3 4 5 6 8 10 12 14 16 | 16.7
Fighting       | |  2.6
Stealth        | |  0.1
Shields        | |  3.2
Invocations    | |  0.1

Action                   |  1- 3 |  4- 6 |  7- 9 | 10-12 || total
-------------------------+-------+-------+-------+-------++-------
Melee: War axe           |    96 |   227 |   378 |   524 ||  1225
       Executioner's axe |       |       |       |    55 ||    55
Invok: Heroism           |       |       |       |     1 ||     1
 Abil: Heal Wounds       |     1 |     8 |     9 |    41 ||    59
  Use: Scroll            |       |    14 |       |     7 ||    21
  Eat: Chunk             |       |    11 |     6 |     7 ||    24
       Ration            |       |       |     2 |     8 ||    10
Armor: Scale mail        |    46 |   112 |   151 |   228 ||   537
Dodge: Dodged            |    21 |    74 |   119 |   311 ||   525
Block: Kite shield       |    52 |   134 |   181 |   256 ||   623
